 Dungeon Crawl Stone Soup version 0.31-a0-1074-g0b22e4e0f1 (webtiles) character file.

Game seed: 12272600777312979751

252 Dirtsage the Slasher (level 5, 29/41 HPs)
             Began as a Demonspawn Monk on Nov 26, 2023.
             Quit the game in a sewer.
             The game lasted 00:04:00 (2050 turns).

Dirtsage the Slasher (Demonspawn Monk)              Turns: 2050, Time: 00:04:00

Health: 29/41      AC:  6    Str: 11    XL:     5   Next: 89%
Magic:  14/14      EV: 10    Int: 11    God:
Gold:   53         SH:  0    Dex: 18    Spells: 4/4 levels left

rFire   . . .        a - +0 falchion
rCold   . . .        d - orb {light}
rNeg    . . .        k - +0 scale mail
rPois   .            (no helmet)
rElec   .            (no cloak)
rCorr   .            (no gloves)
SInv    .            (no boots)
Will    .....        (no amulet)
Stlth   +            h - ring of magical power
HPRegen 0.26/turn    o - ring of flight
MPRegen 0.14/turn

%: no passive effects
@: flying, glowing
A: powered by pain 1, sturdy frame 1, demonic magic 1
a: no special abilities


You were in a sewer.
You visited 1 branch of the dungeon, and saw 3 of its levels.
You also visited: Sewer.

You collected 53 gold pieces.

Inventory:

Hand Weapons
 a - a +0 falchion (weapon)
Armour
 b - a +0 robe
 d - an orb of light (worn)
 e - a +0 leather armour
 k - a +0 scale mail (worn)
Jewellery
 c - the amulet "Lutonosisi" {Reflect Str+7 SH+5}
   (You found it in a sewer)

   [amulet of reflection]

   Reflect:   It reflects blocked missile attacks.
   Str+7:     It affects your strength (+7).
   SH+5:      It affects your SH (+5).
 h - a ring of magical power (left hand)
 o - a ring of flight (right hand)
Scrolls
 f - 2 scrolls of immolation {unknown}
 l - a scroll of identify {unknown}
 p - a scroll of enchant weapon {unknown}
Potions
 g - a potion of degeneration {unknown}
 i - a potion of brilliance {unknown}
 j - a potion of haste {unknown}
 m - a potion of heal wounds {unknown}
 n - 2 potions of might {unknown}


   Skills:
 - Level 3.0 Fighting
 + Level 6.1 Long Blades
 - Level 2.6 Dodging


You had 4 spell levels left.
You didn't know any spells.
Your spell library was empty.

Dungeon Overview and Level Annotations

Branches:
Dungeon (3/15)              Sewer (1/1)

Altars:


Innate Abilities, Weirdness & Mutations

You sometimes gain a little power by taking damage.
Your movements are slightly less encumbered by armour. (ER -2)
Spells you cast may paralyse adjacent enemies.


Message History

You feel less invigorated.
You feel less confused.
The bullfrog hits you but does no damage.
The bullfrog hits you.
The bullfrog hits you but does no damage.
The bullfrog hits you.
You slash the bullfrog!
You kill the bullfrog!
The bullfrog hits you but does no damage.
You have reached level 5!
Your demonic ancestry asserts itself...
You feel energised by your suffering.
You regained 5 hp, and now have 34/41 hp.
MP restored: 14 You hit the bullfrog.
The bullfrog is lightly wounded.
The bullfrog hits you.
The bullfrog hits you but does no damage.
You take 4 damage, and have 30/41 hp.
You hit the bullfrog.
The bullfrog is moderately wounded.
The bullfrog snags a nearby baby bat with its tongue.
The bullfrog closely misses you.
You slash the bullfrog!
The bullfrog is severely wounded.
The bullfrog barely misses you.
The bullfrog hits you but does no damage.
You hit the bullfrog but do no damage.
The bullfrog is severely wounded.
The bullfrog hits you.
You take 3 damage, and have 28/41 hp.
You slash the bullfrog!
You kill the bullfrog!
Your Long Blades skill increases to level 6!
c - the amulet "Lutonosisi" {Reflect Str+7 SH+5} You see here a bullfrog corpse.
You don't know any spells.
Your library has no spells.
Unknown command.
Are you sure you want to abandon this character and quit the game? (Confirm with "yes".)

~≈~~~~~~~~~~~~~~~~~~~~~~~
~≈≈≈≈≈≈≈≈≈≈≈≈≈≈≈≈≈≈≈≈≈≈≈≈
~≈~~~~~~~~~~~~~~~~≈~~≈≈≈~
≈≈~~~†.........~~≈~≈≈~~~~..
~≈~†#######~≈≈≈≈≈≈≈~~≈≈≈≈≈~.~≈~.#
~≈~.# ≈≈≈~≈≈≈≈≈≈≈≈≈≈≈≈≈~.~≈~.#
~≈~.# ≈≈~≈≈≈≈≈≈~~~~≈≈≈≈~~~≈~~#
~≈~.# ≈≈≈≈≈≈≈~~~~~~~≈≈≈~~~≈~~#
~≈~†# ≈≈≈≈≈≈.@†~..≈≈~≈≈≈~~≈~~#
~≈~~# ≈≈≈≈≈.?[)~~.~≈≈~≈~~~≈~~#
~≈~.# ≈≈≈≈.~.)?~†~~.≈≈~≈≈~≈~.#
~≈~.# ≈≈≈≈≈.~.≈≈...~≈≈≈≈≈≈≈~.#
~≈~~# ≈≈≈≈≈≈≈≈≈≈≈.∩~~≈≈#≈≈≈~.#
~≈~.# #≈≈≈≈≈≈≈≈≈≈≈~≈≈≈##≈≈≈~~#
~≈~~# ##≈≈≈≈≈≈≈≈≈≈≈≈####≈≈≈~.#
~≈~~# ####≈≈≈≈≈≈#### #~≈≈~.#
~≈~.# ######## #.~≈~.#


There were no monsters in sight!

Vanquished Creatures
  2 bullfrogs (Sewer)
  6 adders
  A worm (D:2)
  5 endoplasms
  12 giant cockroaches
  6 goblins
  2 hobgoblins
  7 quokkas
  9 ball pythons
  5 bats
  6 frilled lizards
  A kobold (D:2)
  8 rats
70 creatures vanquished.

Notes
Turn   | Place    | Note
-------+----------+-------------------------------------------
     0 | D:1      | Dirtsage the Demonspawn Monk began the quest for the Orb.
     0 | D:1      | Reached XP level 1. HP: 18/18 MP: 1/1
    85 | D:1      | Reached skill level 3 in Long Blades
   180 | D:1      | Gained mutation: Your movements are slightly less
                  | encumbered by armour. (ER -2) [demonic ancestry]
   180 | D:1      | Reached XP level 2. HP: 24/24 MP: 2/2
   680 | D:1      | Found a faded altar of an unknown god.
  1040 | D:2      | Reached XP level 3. HP: 20/29 MP: 3/3
  1270 | D:2      | Reached skill level 4 in Long Blades
  1778 | D:3      | Gained mutation: Spells you cast may paralyse adjacent
                  | enemies. [demonic ancestry]
  1778 | D:3      | Reached XP level 4. HP: 31/35 MP: 4/4
  1826 | D:3      | Found a glowing drain.
  1839 | Sewer    | Entered a sewer
  1978 | Sewer    | Reached skill level 5 in Long Blades
  2030 | Sewer    | Noticed a bullfrog
  2030 | Sewer    | Noticed a bullfrog
  2035 | Sewer    | Identified the amulet "Lutonosisi" {Reflect Str+7 SH+5}
  2042 | Sewer    | Killed a bullfrog
  2043 | Sewer    | Gained mutation: You sometimes gain a little power by
                  | taking damage. [demonic ancestry]
  2043 | Sewer    | Reached XP level 5. HP: 34/41 MP: 5/5
  2048 | Sewer    | Reached skill level 6 in Long Blades
  2050 | Sewer    | Quit the game

Illustrated notes

Levels and vault maps discovered:
D:1:      dpeg_arrival_subterranean_lakeside_camping, layout_loops_corners,
          chequers_ecumenical_altar_island
D:2:      layout_basic
D:3:      layout_basic, gup_sewer_entry_pipe
Sewer:    sewer_frog_island_01

Skill      XL: |  1  2  3  4  5 |
---------------+----------------+-----
Long Blades    | 3 4 5 6 |  6.1
Fighting       | |  3.0
Dodging        | |  2.6

Action                     |  1- 3 |  4- 6 || total
---------------------------+-------+-------++-------
  Melee: Falchion          |    97 |    91 ||   188
    Use: Potion            |       |     1 ||     1
 Armour: Robe              |     7 |       ||     7
         Scale mail        |    37 |    67 ||   104
         Leather armour    |     4 |       ||     4
  Dodge: Dodged            |    50 |    69 ||   119

Table legend: (Time is in decaauts)
 A = Elapsed time spent in this place.
 B = Non-inter-level travel time spent in this place.
 C = Inter-level travel time spent in this place.
 D = Time resting spent in this place.
 E = Time spent auto-exploring this place.
 F = Levels seen in this place.
 G = Mean time per level.
                   A        B        C        D        E       F      G
               +--------+--------+--------+--------+--------+-----+--------+
         Total |   2066 |   2022 |     44 |      0 |   1562 |   4 |  516.5 |
       Dungeon |   1852 |   1808 |     44 |      0 |   1474 |   3 |  617.3 |
         Sewer |    214 |    214 |      0 |      0 |     88 |   1 |  214.0 |
               +--------+--------+--------+--------+--------+-----+--------+

Top non-repeatable levels by time:
     D:1: 1034 daAuts
     D:2: 718 daAuts
   Sewer: 214 daAuts
     D:3: 99 daAuts
